Map: Automaton LE

Players

SpeCial

  • Race: Terran Terran
  • Spawn Location: 3:00

Cham - Winner!

  • Race: Zerg Zerg
  • League: Grandmaster
  • Spawn Location: 9:00

Event: 2019 WCS Winter Americas

VOD

Have the link to the VOD?

Description

Time

  • Played on: Feb. 14, 2019, 4:29 p.m.
  • Length: 10:57

All games in this series

Show
View Real Time Build Order
Export as new Build Order

SpeCial Terran 

Build Orders: Command Center First (CC), Liberator Opening 

Get SALT Encoding   

  12  0:00  SCV  
  13  0:12  SCV  
  14  0:17  Supply Depot  
  14  0:25  SCV  
  15  0:39  SCV  
  16  0:51  SCV  
  17  1:00  Command Center  
  17  1:03  SCV  
  18  1:13  Barracks  
  18  1:17  SCV  
  19  1:24  Refinery  
  19  1:29  SCV  
  19  1:31  Refinery  
  20  1:41  SCV  
  21  1:53  SCV  
  22  2:00  Marine  
  23  2:07  Orbital Command  
  23  2:11  Factory  
  23  2:15  Orbital Command  
  23  2:20  Barracks Reactor  
  23  2:34  SCV  
  24  2:41  SCV  
  25  2:46  SCV  
  26  2:54  SCV, Starport  
  26  2:56  Supply Depot  
  27  2:59  SCV  
  27  3:02  Hellion  
  27  3:04  Hellion, Marine  
  33  3:06  SCV  
  34  3:13  Supply Depot  
  34  3:14  SCV  
  34  3:15  Liberator  
  34  3:18  SCV  
  36  3:26  Hellion x2  
  40  3:30  SCV x2  
  45  3:40  Supply Depot  
  45  3:42  SCV x2, Barracks Tech Lab  
  47  3:49  Hellion  
  47  3:51  Hellion  
  47  3:54  SCV  
  52  3:56  Armory  
  52  3:58  SCV  
  53  4:04  Supply Depot  
  53  4:06  SCV  
  54  4:10  SCV  
  54  4:13  Hellion  
  54  4:14  Hellion  
  59  4:18  SCV  
  59  4:23  SCV, Cloaking Field  
  61  4:25  Banshee  
  61  4:27  Supply Depot  
  61  4:30  SCV  
  65  4:36  Hellion x2  
  64  4:39  Hellion x2  
  61  4:47  SCV x2  
  62  4:59  SCV x2  
  63  5:03  Hellion x2  
  67  5:11  SCV x2  
  69  5:14  Banshee  
  69  5:15  Supply Depot  
  69  5:23  SCV x2  
  69  5:24  Hellion  
  69  5:25  Hellion  
  75  5:41  SCV x2  
  69  5:47  Barracks Tech Lab  
  68  5:50  Command Center  
  68  5:53  SCV x2  
  70  5:57  Banshee  
  70  6:03  Supply Depot  
  73  6:10  SCV  
  73  6:11  SCV  
  75  6:14  Marine  
  75  6:15  Factory Reactor, Stimpack  
  76  6:23  SCV x2  
  78  6:32  Marine  
  72  6:35  SCV x2  
  75  6:40  Engineering Bay, Barracks  
  75  6:41  Engineering Bay, Barracks  
  76  6:47  SCV x2  
  76  6:50  Starport Reactor, Marine  
  76  6:54  Refinery x2  
  78  6:59  SCV x2  
  80  7:08  Marine  
  81  7:11  SCV x2  
  81  7:12  Orbital Command  
  81  7:15  Terran Infantry Weapons Level 1, Terran Infantry Armor Level 1  
  81  7:23  SCV  
  81  7:25  Barracks  
  81  7:26  Barracks, Marine  
  81  7:28  Marine x2  
  88  7:30  Medivac x2, Siege Tank  
  92  7:37  SCV  
  92  7:41  Marine x2  
  92  7:43  Marine  
  96  7:46  SCV, Marine x2  
  96  7:49  SCV  
  100  7:59  Marine  
  100  8:03  Supply Depot  
  100  8:05  Supply Depot  
  101  8:06  Medivac x2, Marine x2  
  101  8:08  Barracks  
  101  8:10  SCV, Barracks  
  101  8:11  SCV, Orbital Command  
  109  8:25  SCV x2, Siege Tank, Marine x2  
  116  8:35  Marine x2  
  116  8:37  SCV, Barracks Reactor x2  
  116  8:38  SCV x2  
  121  8:43  Medivac x2  
  125  8:53  Supply Depot, Refinery  
  125  8:57  Supply Depot, Refinery  
  125  8:58  SCV, Marine  
  125  8:59  SCV x2  
  124  9:07  Barracks Reactor x2  
  124  9:09  Marine  
  125  9:15  SCV x3, Siege Tank, Marine x2  
  133  9:19  Marine x3  
  133  9:21  Supply Depot  
  133  9:24  Marine  
  133  9:27  SCV x3  
  133  9:29  Bunker  
  133  9:30  Bunker, Marine x2  
  133  9:31  Marine  
  139  9:34  Bunker, Marine  
  139  9:35  Marine  
  139  9:37  Medivac, Marine  
  139  9:38  Marine  
  145  9:39  Marine  
  145  9:42  Marine  
  145  9:45  Supply Depot, Marine x2  
  149  9:48  Marine  
  149  9:51  Siege Tank  
  127  10:02  Marine  
  109  10:08  Marine x2  
  109  10:09  Marine x2  
  109  10:10  Marine  
  109  10:12  Orbital Command, Marine x2  
  100  10:14  Marine  
  100  10:15  Marine x2  
  90  10:22  Marine x3  
  90  10:26  Marine x3  
  90  10:27  Marine  
  97  10:28  Marine  
  97  10:30  Marine x2  
  97  10:34  Marine  
Show
View Real Time Build Order
Export as new Build Order

Cham Zerg - Winner!

Build Orders: Hatch First 

Get SALT Encoding   

  12  0:00  Drone  
  13  0:09  Drone  
  14  0:17  Overlord  
  14  0:36  Drone x2  
  16  0:49  Hatchery  
  15  0:53  Drone  
  15  0:57  Drone  
  17  1:00  Drone  
  18  1:04  Extractor  
  17  1:18  Spawning Pool  
  17  1:20  Drone  
  17  1:23  Drone  
  18  1:30  Drone  
  19  1:51  Overlord  
  20  1:54  Drone  
  20  2:05  Queen x2  
  20  2:06  Zergling x4  
  26  2:11  Metabolic Boost  
  26  2:17  Drone  
  26  2:19  Drone  
  28  2:34  Hatchery  
  27  2:39  Drone  
  27  2:40  Drone  
  29  2:47  Queen  
  29  2:50  Drone  
  32  2:54  Overlord  
  32  2:58  Drone  
  32  3:00  Drone  
  32  3:05  Overlord  
  34  3:06  Drone  
  34  3:10  Drone  
  36  3:15  Drone x2  
  36  3:16  Drone  
  39  3:20  Drone x2  
  39  3:22  Drone  
  42  3:27  Queen  
  42  3:31  Drone  
  42  3:33  Overlord  
  45  3:39  Queen  
  47  3:46  Zergling x6  
  50  3:50  Zergling x4  
  50  3:51  Zergling x2  
  50  3:52  Zergling x2  
  54  3:57  Overlord  
  54  4:01  Drone x4  
  58  4:10  Overlord  
  58  4:13  Roach Warren  
  58  4:14  Extractor  
  58  4:15  Extractor  
  55  4:17  Drone x2  
  55  4:18  Drone  
  55  4:19  Drone  
  55  4:22  Zergling x2  
  55  4:23  Zergling x4  
  62  4:25  Zergling x2  
  62  4:27  Drone  
  62  4:30  Drone x2  
  66  4:34  Drone x2  
  66  4:37  Zergling x4  
  70  4:43  Zergling x6  
  74  4:52  Overlord  
  71  4:55  Roach  
  71  4:56  Roach  
  68  5:03  Roach x2  
  68  5:06  Overlord  
  72  5:09  Roach  
  72  5:13  Roach x2  
  78  5:17  Roach  
  78  5:20  Roach  
  81  5:30  Drone x2  
  81  5:33  Drone x2  
  81  5:34  Drone x2  
  81  5:35  Spore Crawler  
  86  5:37  Spore Crawler  
  86  5:38  Drone  
  86  5:39  Drone x2  
  86  5:42  Drone  
  86  5:45  Drone x2  
  86  5:46  Zergling x2  
  86  5:49  Zergling x2  
  87  5:50  Zergling x2  
  87  5:51  Zergling x2  
  87  5:54  Zergling x2  
  88  5:58  Drone x2  
  88  6:01  Lair  
  90  6:07  Overlord x2  
  88  6:12  Zergling x4  
  88  6:14  Extractor  
  88  6:17  Extractor, Zergling x2  
  88  6:18  Overlord, Extractor  
  88  6:20  Zergling x2  
  84  6:32  Drone x9  
  83  6:39  Drone  
  84  6:40  Spore Crawler, Drone x2  
  84  6:45  Drone x3  
  88  6:53  Overlord  
  88  6:54  Drone  
  88  6:56  Drone  
  90  7:02  Drone  
  90  7:03  Drone  
  90  7:04  Drone x2  
  90  7:05  Glial Reconstitution, Pneumatized Carapace  
  90  7:07  Drone  
  95  7:09  Drone x3  
  95  7:10  Evolution Chamber x2, Drone  
  95  7:15  Overseer  
  96  7:16  Roach x2  
  100  7:25  Roach  
  100  7:26  Hatchery  
  100  7:27  Roach  
  105  7:30  Roach  
  105  7:31  Roach  
  105  7:33  Roach  
  105  7:45  Roach x4  
  105  7:46  Overlord x2  
  105  7:47  Roach  
  105  7:49  Overlord  
  114  7:52  Hatchery  
  114  7:54  Roach  
  114  7:56  Queen  
  117  7:59  Queen  
  117  8:03  Roach  
  117  8:04  Queen  
  123  8:10  Zerg Missile Weapons Level 1, Zerg Ground Armor Level 1  
  123  8:12  Overlord  
  123  8:14  Roach  
  127  8:20  Roach x3  
  127  8:23  Roach  
  127  8:24  Roach  
  137  8:27  Roach  
  137  8:28  Overlord  
  137  8:31  Roach x2  
  137  8:32  Roach  
  143  8:39  Roach, Overlord x2  
  145  8:44  Overlord  
  145  8:47  Overlord x2  
  145  8:48  Roach x2  
  147  8:50  Roach  
  151  8:57  Roach  
  151  8:59  Roach x4  
  158  9:06  Roach x3  
  158  9:09  Ravager x7  
  171  9:10  Ravager x2  
  171  9:15  Spore Crawler  
  171  9:16  Roach x2  
  176  9:18  Roach  
  176  9:21  Roach  
  176  9:24  Roach x2  
  184  9:27  Roach x2  
  188  9:32  Roach x3  
  188  9:35  Roach  
  188  9:37  Roach x2  
  200  9:52  Overseer  
  173  10:02  Roach x9  
  173  10:03  Roach x3  
  175  10:13  Roach x2  
  152  10:14  Roach x2  
  152  10:21  Roach  
  150  10:22  Ravager  
  150  10:27  Roach x3  
  150  10:28  Ravager x5  
  161  10:29  Roach  
  161  10:33  Roach  
  166  10:36  Roach x2  
Tags
 
Add a new tag
Caveats
  • Supply blocks, unpowered buildings, or Contaminate may cause inaccurate times.
  • Supply counts are checked every 10 seconds.